 Dungeon Crawl Stone Soup version 0.21-a0-496-g696f58f537 (webtiles) character file.

141 Kaname the Grave Robber (level 5, 34/37 HPs)
             Began as a Demonspawn Necromancer on Nov 23, 2017.
             Quit the game on level 3 of the Dungeon.
             The game lasted 00:05:33 (1520 turns).

Kaname the Grave Robber (Demonspawn Necromancer)    Turns: 1520, Time: 00:05:33

Health: 34/37      AC:  2    Str:  8    XL:     5   Next: 3%
Magic:  11/17      EV: 12    Int: 17    God:
Gold:   95         SH:  0    Dex: 14    Spells: 3/8 levels left

rFire    . . .     SeeInvis .   e - +1 spear
rCold    . . .     Gourm    .   (no shield)
rNeg     . . .     Faith    .   a - +0 robe
rPois    .         Spirit   .   (no helmet)
rElec    .         Reflect  .   (no cloak)
rCorr    .         Harm     .   (no gloves)
MR       .....                  (no boots)
Stlth    ++........             (no amulet)
HPRegen  0.12/turn              f - ring of magical power
MPRegen  0.15/turn              (no ring)

@: no status effects
A: talons 1, powered by death 1
a: no special abilities


You were on level 3 of the Dungeon.
You were not hungry.

You visited 1 branch of the dungeon, and saw 3 of its levels.

You collected 95 gold pieces.

Inventory:

Hand Weapons
 e - a +1 spear (weapon)
Armour
 a - a +0 robe (worn)
Jewellery
 f - a ring of magical power (left hand)
Scrolls
 d - 2 scrolls of enchant weapon
 h - a scroll of amnesia {unknown}
 i - a scroll of magic mapping {unknown}
 n - a scroll of remove curse {unknown}
 o - a scroll of identify {unknown}
Potions
 g - a potion of curing {unknown}
 j - a potion of agility {unknown}
 m - a potion of cancellation {unknown}
Books
 b - a book of Necromancy

   Spells                             Type                      Level
   a - Pain                           Necromancy                   1
   b - Animate Skeleton               Necromancy                   1
   c - Vampiric Draining              Necromancy                   3
   d - Regeneration                   Charms/Necromancy            3
   e - Animate Dead                   Necromancy                   4
   f - Control Undead                 Necromancy                   4
Comestibles
 c - a bread ration
 k - 2 royal jellies
 l - a meat ration
 p - a chunk of flesh


   Skills:
 + Level 1.6 Fighting
 - Level 1.7 Dodging
 - Level 1.7 Stealth
 - Level 2.0 Spellcasting
 * Level 6.6 Necromancy


You had 3 spell levels left.
You knew the following spells:

 Your Spells              Type           Power        Failure   Level  Hunger
a - Pain                  Necr           ###.         1%          1    #......
b - Animate Skeleton      Necr           N/A          1%          1    #......
c - Vampiric Draining     Necr           ###.......   3%          3    ###....


Dungeon Overview and Level Annotations

Branches:
Dungeon (3/15)

Altars:
Ru


Innate Abilities, Weirdness & Mutations

You have sharp toenails.
You regenerate a little health from kills.


Message History

You hear a shout!
Casting: Pain
Confirm with . or Enter, or press ? or * to list all spells.
Aiming: Pain
Press: ? - help, Shift-Dir - straight line, f/p - adder
Aim: an adder (severely wounded, chance to defeat MR: 88%)
The adder writhes in agony!
Casting: Pain
Confirm with . or Enter, or press ? or * to list all spells.
Aiming: Pain
Press: ? - help, Shift-Dir - straight line, f/p - adder
Aim: an adder (almost dead, chance to defeat MR: 88%)
The adder writhes in agony!
You kill the adder!
You have reached level 5!
You feel monstrous as your demonic heritage exerts itself.
Your demonic ancestry asserts itself...
Your toenails lengthen and sharpen.
Unknown command.
Are you sure you want to abandon this character and quit the game? (Confirm with "yes".)

##########
#........#
#(######.#
##.######.##########
#...)(..............
#..####.###..###.##
#..# #@## ##..##.#
#..##.## ##..#.#
#..##g #....# #..##.
##..).# #..##.
##..#..###.## #..##.
#....)....... .#####
#####..###.#. # #†.#
.# ...8###..###.#.


You could see a goblin.

Vanquished Creatures
  An orc wizard (D:3)
  Jessica (D:3)
  A gnoll (D:1)
  3 adders
  A worm (D:2)
  2 dart slugs (D:1)
  A leopard gecko (D:1)
  5 orcs
  A ball python (D:2)
  6 goblins
  5 hobgoblins
  2 kobolds (D:1)
  2 quokkas (D:3)
  3 bats (D:1)
  3 rats (D:1)
37 creatures vanquished.

Notes
Turn   | Place    | Note
-------+----------+-------------------------------------------
     0 | D:1      | Kaname the Demonspawn Necromancer began the quest for the Orb.
     0 | D:1      | Reached XP level 1. HP: 13/13 MP: 3/3
   281 | D:1      | Gained mutation: You regenerate a little health from kills. [demonic ancestry]
   281 | D:1      | Reached XP level 2. HP: 17/19 MP: 3/5
   314 | D:1      | Reached skill level 5 in Necromancy
   330 | D:1      | Learned a level 1 spell: Animate Skeleton
   643 | D:1      | Reached XP level 3. HP: 24/24 MP: 6/6
   648 | D:1      | Learned a level 3 spell: Vampiric Draining
  1030 | D:2      | Found a faded altar of an unknown god.
  1198 | D:2      | Found a sacrificial altar of Ru.
  1259 | D:2      | Reached skill level 6 in Necromancy
  1329 | D:3      | Reached XP level 4. HP: 30/31 MP: 7/7
  1382 | D:3      | Reached skill level 1 in Fighting
  1494 | D:3      | Noticed Jessica
  1501 | D:3      | Killed Jessica
  1519 | D:3      | Gained mutation: You have sharp toenails. [demonic ancestry]
  1519 | D:3      | Reached XP level 5. HP: 35/37 MP: 8/8
  1520 | D:3      | Quit the game

Vault maps used:
D:1:      minmay_arrival_arboretum_large, minmay_box_of_dots
D:2:      chequers_ecumenical_altar_simple, nicolae_ru_the_path_less_chosen
D:3:      zin_angel, nicolae_overflow_hidden_temple, uniq_jessica

Skill      XL: |  1  2  3  4 |
---------------+-------------+-----
Necromancy     | 5 6 |  6.6
Fighting       | 1 |  1.6
Dodging        | |  1.7
Stealth        | |  1.7
Spellcasting   | |  2.0

Action                   |  1- 3 |  4- 6 || total
-------------------------+-------+-------++-------
Melee: Unarmed           |     7 |       ||     7
 Cast: Pain              |    55 |    20 ||    75
       Vampiric Draining |       |     2 ||     2
  Use: Scroll            |       |     1 ||     1
  Eat: Chunk             |     2 |     1 ||     3
Armor: Robe              |     2 |       ||     2
Dodge: Dodged            |     5 |     2 ||     7

Table legend:
 A = Spawn XP
 B = Non-spawn XP
 C = Spawn XP percentage of total XP
 D = Spawn monster count
 E = Non-spawn monster count
 F = Spawn count percentage of total count
 G = Total turns spent on level
                    A         B        C        D         E        F      G
               +---------+---------+-------+---------+---------+-------+---------
         Total |       0 |     202 |   0.0 |       0 |      37 |   0.0 |  1520
               +---------+---------+-------+---------+---------+-------+---------
           D:1 |       0 |      49 |   0.0 |       0 |      18 |   0.0 |   933
           D:2 |       0 |      44 |   0.0 |       0 |       9 |   0.0 |   392
           D:3 |       0 |     109 |   0.0 |       0 |      10 |   0.0 |   195
               +---------+---------+-------+---------+---------+-------+---------
